AoeStats
← Bandolero

Arabia

510002524Analyzed
1v1 RM · 2d ago on Sep 29, 2026· 46m 42s· 2 players
Game mode
Random Map
Map size
Tiny (2 player)
Population
200
Speed
Normal
Resources
Standard
Victory
Conquest
Starting age
Dark Age
Ending age
Imperial Age
RankedLock teamsTeams togetherTeam positionsShared explorationLock speedFull tech treeHidden civsTurbo modeCheats
Victory
Defeat
🇦🇷 Maya · Argentina
1358
+15
🇺🇸 Lithuanians · United States
1334
-15
SteelWoolHurts
9:06 Loom
11:21 Feudal Age
12:40 Double-Bit Axe
12:37 Horse Collar
14:59 Man-at-Arms
19:07 Padded Archer Armor
24:02 Castle Age
24:14 Fletching
24:16 Gold Mining
24:04 Elite Skirmisher
25:01 Leather Archer Armor
25:42 Bow Saw
28:34 Bodkin Arrow
30:15 Sanctity
37:10 Imperial Age
36:12 Scale Barding Armor
38:54 Chain Barding Armor
38:44 Forging
39:40 Conscription
40:33 Plate Barding Armor
43:10 Husbandry
43:27 Bloodlines
44:18 Wheelbarrow
44:07 Tower Shields
44:14 Bracer
44:42 Forging
Bandolero
0:26 Loom
8:31 Feudal Age
9:00 Double-Bit Axe
14:39 Fletching
20:54 Castle Age
20:14 Padded Archer Armor
21:10 Crossbowman
22:14 Bodkin Arrow
24:08 Gold Mining
27:54 Ballistics
30:02 Town Watch
30:47 Stone Mining
31:24 Bow Saw
36:01 Imperial Age
33:39 Eagle Warrior
34:22 Scale Mail Armor
34:32 Forging
35:35 Squires
35:54 Chain Mail Armor
37:13 Iron Casting
38:56 Plate Mail Armor
40:03 Arbalester
41:56 Two-Man Saw
41:44 Bracer
42:25 Conscription
43:36 Wheelbarrow
42:31 Elite Eagle Warrior
44:31 Blast Furnace
45:37 Holcans
Connection lost

Rejoining the realm…

Still unreachable

The connection could not be restored.

Session expired

The server has moved on; the page needs a fresh start.